[Event "ICC tourney 1921 (15 5)"]
[Site "Internet Chess Club"]
[Date "2020.07.17"]
[Round "6"]
[White "winner08"]
[Black "DankMemer"]
[Result "1/2-1/2"]
[ICCResult "Game drawn by mutual agreement"]
[WhiteElo "1618"]
[BlackElo "1568"]
[Opening "French: Tarrasch, open variation"]
[ECO "C07"]
[NIC "FR.19"]
[Time "17:10:40"]
[TimeControl "900+5"]

1. e4 e6 2. d4 d5 3. Nd2 c5 4. exd5 Qxd5 5. dxc5 Bxc5 6. Ngf3 Nf6 7. Bc4 Qd7
8. O-O O-O 9. Re1 Nc6 10. Qe2 Qc7 11. Ne4 Be7 12. Bg5 Nd5 13. Bxd5 exd5 14.
Bxe7 Qxe7 15. Nc3 Qxe2 16. Rxe2 d4 17. Nb5 Bg4 18. Rd2 Bxf3 19. gxf3 Rad8
20. Rad1 Rc8 21. Kf1 a6 22. Nd6 Rc7 23. f4 Rd8 24. Ne4 h6 25. f3 Kf8 26. Ke2
Ke7 27. Ng3 b6 28. Kf2 g6 29. h4 Rcc8 30. Ne2 Kf6 31. a3 b5 32. h5 Kg7 33.
hxg6 fxg6 34. f5 gxf5 35. Nf4 Kf6 36. Rh1 Re8 37. Rg1 Rg8 38. Re1 Rge8 39.
Rg1 Rg8 40. Rh1 Rge8 41. Nd5+ {Game drawn by mutual agreement} 1/2-1/2

[Event "ICC tourney 1921 (15 5)"]
[Site "Internet Chess Club"]
[Date "2020.07.17"]
[Round "6"]
[White "ChessHawk8"]
[Black "Aryangambit"]
[Result "0-1"]
[ICCResult "White checkmated"]
[WhiteElo "1590"]
[BlackElo "1775"]
[Opening "Sicilian: dragon, Yugoslav attack, Rauser variation"]
[ECO "B76"]
[NIC "SI.17"]
[Time "17:10:34"]
[TimeControl "900+5"]

1. e4 c5 2. Nf3 d6 3. d4 cxd4 4. Nxd4 Nf6 5. Nc3 g6 6. f3 Bg7 7. Be3 O-O 8.
Qd2 Nc6 9. O-O-O d5 10. exd5 Nxd5 11. Nxc6 bxc6 12. Nxd5 cxd5 13. Qxd5 Qc7
14. Qd2 Bf5 15. Bd3 Qe5 16. c3 Rfd8 17. Qe2 Rac8 18. Bxf5 Rxc3+ 19. Bc2
Rxd1+ 20. Rxd1 Rxe3 21. Rd8+ Bf8 22. Qf2 Re2 23. Qd4 Qxd4 24. Rxd4 Bh6+ 25.
Kd1 Rxg2 26. Rd8+ Kg7 27. h4 Bf4 28. Rd4 e5 29. Rd5 Kh6 30. Rd7 Rf2 31. b3
f5 32. h5 Rxf3 33. hxg6 hxg6 34. Rxa7 Rf2 35. Rd7 e4 36. a4 e3 37. a5 Rg2
38. Rd3 Rg1+ 39. Ke2 Rg2+ 40. Kd1 e2+ 41. Ke1 Bg3+ 42. Rxg3 Rxg3 43. a6 Rg1+
44. Kxe2 Ra1 45. Bd3 Kg5 46. b4 Ra2+ 47. Kd1 Kf4 48. b5 Ke3 49. Bc4 Rd2+ 50.
Ke1 Rc2 51. Bb3 Rc1+ 52. Bd1 f4 53. a7 f3 54. a8=Q f2+ 55. Kf1 Rxd1+ 56. Kg2
f1=Q+ 57. Kg3 Qf4+ 58. Kg2 Rd2+ 59. Kg1 Qf2+ 60. Kh1 Qh2# {White checkmated}
0-1

[Event "ICC tourney 1921 (15 5)"]
[Site "Internet Chess Club"]
[Date "2020.07.17"]
[Round "6"]
[White "hollyelf"]
[Black "ryanwang"]
[Result "1-0"]
[ICCResult "Black resigns"]
[WhiteElo "1648"]
[BlackElo "1549"]
[Opening "Sicilian: Pelikan, Chelyabinsk variation"]
[ECO "B33"]
[NIC "SI.37"]
[Time "17:10:31"]
[TimeControl "900+5"]

1. e4 c5 2. Nf3 Nc6 3. d4 cxd4 4. Nxd4 Nf6 5. Nc3 e5 6. Ndb5 d6 7. Bg5 a6 8.
Na3 b5 9. Nd5 Be7 10. Bxf6 Bxf6 11. c4 b4 12. Nc2 O-O 13. Bd3 a5 14. Nce3
Be6 15. O-O Bg5 16. b3 g6 17. Bc2 Nd4 18. f4 Nxc2 19. Qxc2 exf4 20. Nxf4 Qb6
21. Qd3 Bxf4 22. Rxf4 f5 23. Kh1 fxe4 24. Rxf8+ Rxf8 25. Qxe4 Bf5 26. Nxf5
Rxf5 27. Rd1 Re5 28. Qh4 Qe3 29. h3 Re6 30. Qd8+ Kg7 31. Qxa5 Qc3 32. Qa7+
Kh6 33. Qf2 Kg7 34. Qd4+ Qxd4 35. Rxd4 Kf6 36. Rd5 Re1+ 37. Kh2 Ke6 38. Rb5
Re2 39. Rxb4 Rxa2 40. Rb5 Rb2 41. Kg3 h5 42. h4 Rd2 43. Kf3 Rd4 44. g3 Rd3+
45. Kf4 Rd4+ 46. Ke3 Rg4 47. Rg5 Rxg5 48. hxg5 Kf5 49. b4 Kxg5 50. b5 Kg4
51. Kf2 h4 52. gxh4 Kxh4 53. b6 g5 54. b7 g4 55. b8=Q g3+ 56. Kg2
{Black resigns}
1-0

[Event "ICC tourney 1921 (15 5)"]
[Site "Internet Chess Club"]
[Date "2020.07.17"]
[Round "6"]
[White "Mulan2009"]
[Black "mutantpenguin"]
[Result "1-0"]
[ICCResult "Black checkmated"]
[WhiteElo "1568"]
[BlackElo "1283"]
[Opening "French: exchange variation"]
[ECO "C01"]
[NIC "FR.01"]
[Time "17:10:38"]
[TimeControl "900+5"]

1. e4 e6 2. d4 d5 3. exd5 exd5 4. Nf3 Bd6 5. Bd3 Nf6 6. O-O O-O 7. Ne5 Bxe5
8. dxe5 Nfd7 9. f4 c5 10. c3 f6 11. e6 Nb6 12. Re1 Re8 13. f5 c4 14. Bc2 Nc6
15. Be3 Ne5 16. Bd4 Nc6 17. Qg4 Nxd4 18. Qxd4 Bd7 19. Nd2 Ba4 20. b3 cxb3
21. axb3 Bb5 22. Re3 Qc7 23. Rh3 a6 24. Qh4 h6 25. Rg3 Rad8 26. Qxf6 Nc8 27.
Qd4 Nd6 28. f6 g5 29. f7+ Nxf7 30. exf7+ Qxf7 31. Bd3 Bxd3 32. Qxd3 Re6 33.
Rf1 Qg7 34. h4 Red6 35. hxg5 hxg5 36. Rf5 Rg6 37. Rxd5 Rxd5 38. Qxd5+ Kh8
39. Rh3+ Rh6 40. Rxh6+ Qxh6 41. Qe5+ Kg8 42. Nf3 g4 43. Qg5+ Qxg5 44. Nxg5
Kg7 45. Kf2 Kg6 46. Ne4 Kf5 47. Nd6+ Ke5 48. Nxb7 Ke4 49. Nc5+ Kf4 50. Nxa6
g3+ 51. Ke2 Ke4 52. b4 Kd5 53. Kd3 Kc6 54. c4 Kb6 55. b5 Ka5 56. Nb4 Kxb4
57. Kd4 Ka5 58. Kc5 Ka4 59. b6 Kb3 60. b7 Kc3 61. b8=Q Kd3 62. Qxg3+ Kd2 63.
Kd4 Kc2 64. Qd3+ Kb2 65. Ke3 Kc1 66. Qd2+ Kb1 67. Kd3 Ka1 68. Kc3 Kb1 69.
Qb2# {Black checkmated} 1-0

[Event "ICC tourney 1921 (15 5)"]
[Site "Internet Chess Club"]
[Date "2020.07.17"]
[Round "6"]
[White "ickyquarter"]
[Black "brilliantnessme"]
[Result "0-1"]
[ICCResult "White resigns"]
[WhiteElo "1541"]
[BlackElo "1646"]
[Opening "Sicilian: Najdorf, Zagreb (fianchetto) variation"]
[ECO "B91"]
[NIC "SI.14"]
[Time "17:10:37"]
[TimeControl "900+5"]

1. e4 c5 2. Nf3 d6 3. d4 cxd4 4. Nxd4 Nf6 5. Nc3 a6 6. g3 e5 7. Nde2 Be7 8.
Bg2 O-O 9. a4 Nc6 10. O-O Nb4 11. h3 Be6 12. g4 d5 13. g5 Nxe4 14. Nxe4 dxe4
15. Bxe4 Qc8 16. c3 Rd8 17. Qe1 Nd3 18. Bxd3 Rxd3 19. h4 Bh3 20. Ng3 Bxf1
21. Qxf1 Qd7 22. Be3 Rd8 23. Qg2 Rd1+ 24. Rxd1 Qxd1+ 25. Kh2 Qd5 26. Qf1 g6
27. Qe2 b5 28. a5 Qc4 29. Qxc4 bxc4 30. Ne4 Rd5 31. Bb6 Kg7 32. Kg3 f5 33.
gxf6+ Bxf6 34. Nc5 e4 35. Nxa6 Be5+ 36. Kg2 Bd6 37. Nc7 Bxc7 38. Bxc7 Rd2
39. a6 Rxb2 40. a7 Ra2 41. Bb8 Kf6 42. Kg3 Kf5 43. Kh3 g5 44. hxg5 Kxg5 45.
Kg3 h5 46. Bf4+ Kf5 47. Bb8 Ra3 48. Kh4 Kg6 49. Kg3 Rxc3+ 50. Kf4 Ra3 51.
Kxe4 h4 52. Kd4 h3 53. Kxc4 Rxa7 54. Kd3 Rh7 55. Bh2 Kf5 56. Ke2 Kg4 57. Kf1
Kf3 58. Kg1 Ra7 59. Bg3 Ra2 60. Kh2 Kg4 61. Kg1 Ra1+ 62. Kh2 Rf1 63. f4 Rf3
64. Be1 Rxf4 65. Bg3 Ra4 66. Bb8 Ra2+ 67. Kh1 Kf3 68. Bc7 Kf2 69. Kh2 Kf3+
70. Kh1 Rc2 71. Bb8 Rg2 72. Bc7 Kf2 73. Bb6+ Kf1 74. Bc7 Ra2 75. Bb8 Rb2 76.
Bc7 Rb7 77. Bd6 Rd7 78. Bb8 Kf2 79. Ba7+ Kg3 80. Bb8+ Kg4 81. Be5 Re7 82.
Bb8 Rh7 83. Bd6 Ra7 84. Bb8 Ra2 85. Bc7 Ra1+ 86. Kh2 Kh4 87. Be5 Ra2+ 88.
Kh1 Kg4 89. Bc7 Ra1+ 90. Kh2 Re1 91. Bb8 Kf3 92. Bc7 Rf1 93. Bb8 Rf2+ 94.
Kxh3 Rb2 95. Bg3 Rg2 96. Bb8 Rg8 97. Bg3 Rxg3+ 98. Kh4 Rg8 {White resigns}
0-1

[Event "ICC tourney 1921 (15 5)"]
[Site "Internet Chess Club"]
[Date "2020.07.17"]
[Round "6"]
[White "HenriVZ"]
[Black "Pinkqueens"]
[Result "1-0"]
[ICCResult "Black checkmated"]
[WhiteElo "1318"]
[BlackElo "1334"]
[Opening "Giuoco Piano"]
[ECO "C54"]
[NIC "IG.02"]
[Time "17:10:40"]
[TimeControl "900+5"]

1. e4 e5 2. Nf3 Nc6 3. Bc4 Bc5 4. c3 Nf6 5. d4 exd4 6. e5 Ng4 7. cxd4 Bb4+
8. Nc3 d5 9. Bd3 Be6 10. O-O Qd7 11. Bc2 Nh6 12. Ng5 O-O-O 13. Nxe6 Qxe6 14.
f4 Ba5 15. f5 Qe8 16. Be3 Ng8 17. Bb3 Nge7 18. Rf3 Qd7 19. f6 gxf6 20. exf6
Nf5 21. Nxd5 Rhe8 22. Bf2 Nb4 23. Rxf5 Qxf5 24. Ne7+ Rxe7 25. fxe7 Re8 26.
Qe2 Nc6 27. d5 Nxe7 28. Qb5 Nc6 29. Ba4 a6 30. Qc5 Bb6 31. Qc2 Qxc2 32. Bxc2
Bxf2+ 33. Kxf2 Nd4 34. Bxh7 Re2+ 35. Kg3 Rxb2 36. h4 Re2 37. Kh3 Re3+ 38.
Kh2 Re2 39. Kh3 b5 40. g4 Re3+ 41. Kg2 b4 42. h5 b3 43. axb3 Rxb3 44. Rxa6
Rb2+ 45. Kg3 Rb3+ 46. Kf4 Ne2+ 47. Kg5 Rh3 48. Rf6 Kd7 49. Rxf7+ Kd6 50. Kf6
Rf3+ 51. Kg7 Rg3 52. Bf5 Nd4 53. Bc8 Rh3 54. h6 Nf3 55. h7 Ng5 56. Rd7+ Ke5
57. h8=Q Rxh8 58. Kxh8 Kf6 59. Rxc7 Ke5 60. Rg7 Ne4 61. Re7+ Kxd5 62. Rxe4
Kxe4 63. g5 Ke5 64. g6 Kf6 65. g7 Ke7 66. g8=Q Kd6 67. Qe6+ Kc5 68. Kg7 Kb4
69. Qc6 Ka5 70. Qb7 Ka4 71. Qb6 Ka3 72. Qb5 Ka2 73. Kf6 Ka3 74. Ke5 Ka2 75.
Kd4 Ka1 76. Kc3 Ka2 77. Qb2# {Black checkmated} 1-0

[Event "ICC tourney 1921 (15 5)"]
[Site "Internet Chess Club"]
[Date "2020.07.17"]
[Round "6"]
[White "VianYang"]
[Black "che8642"]
[Result "1-0"]
[ICCResult "Black forfeits on time"]
[WhiteElo "1321"]
[BlackElo "1378"]
[Opening "QGD: Cambridge Springs defense, 7.cd"]
[ECO "D52"]
[NIC "QO.15"]
[Time "17:16:22"]
[TimeControl "900+5"]

1. d4 d5 2. c4 c6 3. Nf3 Nf6 4. Nc3 e6 5. Bg5 Nbd7 6. e3 Qa5 7. cxd5 exd5 8.
Nd2 Bb4 9. Qc2 O-O 10. a3 h6 11. Nb3 Bxc3+ 12. bxc3 Qd8 13. Bh4 Qe7 14. c4
Qe6 15. c5 Ne4 16. Bd3 Ndf6 17. f3 Ng5 18. Bf2 Qe7 19. h4 Ne6 20. g4 Nf4 21.
O-O-O Nxd3+ 22. Qxd3 Nh7 23. Rdg1 g6 24. f4 Re8 25. f5 Qe4 26. Qf1 Kh8 27.
Nd2 Qe7 28. Qd3 Qf6 29. Bg3 gxf5 30. g5 Qg6 31. gxh6 Qxh6 32. Bf4 Qe6 33.
Nf3 f6 34. Ne5 fxe5 35. Bxe5+ Nf6 36. Rg6 Rf8 37. Rhg1 Kh7 38. Rg7+ Kh8 39.
Qe2 Bd7 40. R1g6 Rg8 41. Rxf6 {Black forfeits on time} 1-0

[Event "ICC tourney 1921 (15 5)"]
[Site "Internet Chess Club"]
[Date "2020.07.17"]
[Round "6"]
[White "Sricharan07"]
[Black "erickzhao"]
[Result "1-0"]
[ICCResult "Black resigns"]
[WhiteElo "1510"]
[BlackElo "1343"]
[Opening "Sicilian: Alapin's variation (2.c3)"]
[ECO "B22"]
[NIC "SI.46"]
[Time "17:10:40"]
[TimeControl "900+5"]

1. e4 c5 2. c3 d5 3. exd5 Qxd5 4. d4 Nf6 5. Nf3 e6 6. Be2 Nc6 7. O-O Be7 8.
Be3 cxd4 9. cxd4 O-O 10. Nc3 Qd6 11. Rc1 a6 12. a3 b5 13. Qb3 Bb7 14. Rfd1
Ng4 15. Ne4 Qb8 16. h3 Nxe3 17. Qxe3 Rd8 18. Nc5 Bxc5 19. dxc5 Qc7 20. b4
Ne7 21. Qe5 Qxe5 22. Nxe5 Bd5 23. Ng4 Nc6 24. Ne3 Bb3 25. Rd6 Nd4 26. Rxd8+
Rxd8 27. Bf1 Kf8 28. f3 Ke7 29. Kf2 Kd7 30. Rc3 Kc7 31. f4 f6 32. Bd3 h6 33.
Be4 e5 34. fxe5 fxe5 35. Ng4 Rf8+ 36. Ke3 Bg8 37. Nxe5 Ne6 38. Bd5 Rf5 39.
Ke4 Rf4+ 40. Ke3 Rf5 41. Ke4 Rf4+ 42. Ke3 Rf1 43. Bxe6 Bxe6 44. Nf3 g5 45.
Ke2 Rb1 46. Kf2 Rb2+ 47. Kg3 Bc4 48. Nd4 Bf1 49. Rc2 Rb1 50. Kh2 Rd1 51. Ne2
Re1 52. Ng3 Bc4 53. Rc3 Kc6 54. Nf5 h5 55. Nd6 Bd5 56. Rg3 Re5 57. Kg1 h4
58. Rd3 Re2 59. Kf1 Ra2 60. g3 Rh2 61. gxh4 gxh4 62. Kg1 Rg2+ 63. Kf1 Rh2
64. Kg1 Ra2 65. Re3 Rb2 66. Nf5 Rg2+ 67. Kf1 Rh2 68. Kg1 Rg2+ 69. Kf1 Rh2
70. Ne7+ Kd7 71. Nxd5 Rh1+ 72. Kg2 Ra1 73. Nf4 Ra2+ 74. Kf3 Rh2 75. Kg4 Rd2
76. Kxh4 Rd4 77. Kg3 Kc6 78. h4 a5 79. bxa5 Rd8 80. h5 Rg8+ 81. Kh4 Kxc5 82.
h6 Rg1 83. h7 Rh1+ 84. Rh3 {Black resigns} 1-0

[Event "ICC tourney 1921 (15 5)"]
[Site "Internet Chess Club"]
[Date "2020.07.17"]
[Round "7"]
[White "erickzhao"]
[Black "gmcarebear999"]
[Result "1-0"]
[ICCResult "Black checkmated"]
[WhiteElo "1359"]
[BlackElo "1403"]
[Opening "Sicilian: dragon, Yugoslav attack, 9...Bd7"]
[ECO "B77"]
[NIC "SI.18"]
[Time "18:11:33"]
[TimeControl "900+5"]

1. e4 c5 2. Nf3 d6 3. d4 cxd4 4. Nxd4 Nf6 5. Nc3 g6 6. Be3 Bg7 7. f3 O-O 8.
Qd2 Nc6 9. Bc4 Bd7 10. h4 h5 11. O-O-O Rc8 12. Bb3 Ne5 13. g4 hxg4 14. h5
Nxh5 15. Bh6 Bxh6 16. Qxh6 Rxc3 17. bxc3 Qa5 18. f4 Nc6 19. Qxg6+ Kh8 20.
Rxh5+ Qxh5 21. Qxh5+ Kg7 22. Qg5+ Kh8 23. Rh1# {Black checkmated} 1-0

[Event "ICC tourney 1921 (15 5)"]
[Site "Internet Chess Club"]
[Date "2020.07.17"]
[Round "7"]
[White "woodychess"]
[Black "VincentT2008"]
[Result "1-0"]
[ICCResult "Black resigns"]
[WhiteElo "1587"]
[BlackElo "1347"]
[Opening "King's Indian: fianchetto, Panno variation"]
[ECO "E63"]
[NIC "KI.70"]
[Time "18:11:18"]
[TimeControl "900+5"]

1. d4 Nf6 2. c4 g6 3. g3 Bg7 4. Bg2 d6 5. Nc3 O-O 6. Nf3 Nc6 7. O-O a6 8. h3
Rb8 9. e4 Bd7 10. Re1 e5 11. Be3 Re8 12. Qd2 Na5 13. b3 b5 14. dxe5 dxe5 15.
cxb5 axb5 16. Bg5 Qc8 17. Bxf6 Bxf6 18. Nd5 Bg7 19. Qxa5 {Black resigns} 1-0

[Event "ICC tourney 1921 (15 5)"]
[Site "Internet Chess Club"]
[Date "2020.07.17"]
[Round "7"]
[White "Geode"]
[Black "kralj8"]
[Result "0-1"]
[ICCResult "White resigns"]
[WhiteElo "1379"]
[BlackElo "1670"]
[Opening "Four knights game"]
[ECO "C47"]
[NIC "KP.06"]
[Time "18:10:49"]
[TimeControl "900+5"]

1. e4 e5 2. Nf3 Nc6 3. Nc3 Nf6 4. d3 Be7 5. Be3 d5 6. h3 d4 7. Nd5 dxe3 8.
Nxe3 O-O 9. g4 h6 10. h4 Nxg4 11. Nxg4 Bxg4 12. h5 Nd4 13. Be2 Nxe2 14. Qxe2
Bf6 15. O-O-O a5 16. Rdg1 Bxf3 17. Qxf3 Bg5+ 18. Kb1 Qf6 19. Qxf6 gxf6 20.
d4 Kh7 21. d5 Rg8 22. c4 Bf4 23. c5 Rxg1+ 24. Rxg1 Rg8 25. Rxg8 Kxg8 26. Kc2
Kf8 27. Kb3 Ke7 28. Ka4 c6 29. d6+ Kd7 30. Kxa5 Bc1 31. Kb6 Bxb2 32. a4 Bd4
33. f3 Be3 34. a5 Bd4 35. Kxb7 Bxc5 36. a6 Kxd6 37. a7 Bxa7 38. Kxa7 c5 39.
Ka6 c4 40. Kb7 c3 41. Kc8 c2 42. Kd8 c1=Q 43. Ke8 Ke6 44. Kf8 f5 45. exf5+
Kxf5 46. Kxf7 Qg5 {White resigns} 0-1

[Event "ICC tourney 1921 (15 5)"]
[Site "Internet Chess Club"]
[Date "2020.07.17"]
[Round "7"]
[White "harkerchess"]
[Black "ChessHawk8"]
[Result "1-0"]
[ICCResult "Black resigns"]
[WhiteElo "1482"]
[BlackElo "1533"]
[Opening "QGD: exchange, positional line, 5...c6"]
[ECO "D35"]
[NIC "QO.16"]
[Time "18:11:33"]
[TimeControl "900+5"]

1. d4 e6 2. c4 d5 3. Nc3 Nf6 4. cxd5 exd5 5. Bg5 c6 6. e3 Be7 7. Bd3 O-O 8.
Qc2 h6 9. Bh4 Nbd7 10. Nge2 b6 11. O-O Bb7 12. f3 c5 13. Bf2 Rc8 14. dxc5
bxc5 15. Bf5 Qc7 16. Bg3 Bd6 17. Nb5 Qb6 18. Nxd6 Rc6 19. Nxb7 Qxb7 20. Rac1
Re8 21. Bf2 Ne5 22. Nf4 d4 23. exd4 cxd4 24. Qb3 Qxb3 25. axb3 Rxc1 26. Rxc1
g6 27. Bb1 g5 28. Nd3 Nxd3 29. Bxd3 Rc8 30. Rxc8+ {Black resigns} 1-0

[Event "ICC tourney 1921 (15 5)"]
[Site "Internet Chess Club"]
[Date "2020.07.17"]
[Round "7"]
[White "saikolli"]
[Black "insatiable27"]
[Result "0-1"]
[ICCResult "White resigns"]
[WhiteElo "1475"]
[BlackElo "1410"]
[Opening "Ruy Lopez: Berlin defense, open variation"]
[ECO "C67"]
[NIC "RL.07"]
[Time "18:10:49"]
[TimeControl "900+5"]

1. e4 e5 2. Nf3 Nc6 3. Bb5 Nf6 4. O-O Nxe4 5. Re1 Nd6 6. Nxe5 Nxe5 7. Rxe5+
Be7 8. Bd3 O-O 9. Qg4 Bf6 10. Re3 g6 11. h4 Bxh4 12. Rh3 Bf6 13. Nc3 Bg7 14.
Ne4 Nxe4 15. Bxe4 d5 16. Qf3 dxe4 17. Qxe4 Bxh3 18. gxh3 Re8 19. Qxb7 Re1+
20. Kg2 Qg5+ 21. Kf3 Rae8 22. Qc6 Qg1 23. d3 Qh1+ 24. Kf4 Qxc6 25. Be3 Rxa1
{White resigns}
0-1

[Event "ICC tourney 1921 (15 5)"]
[Site "Internet Chess Club"]
[Date "2020.07.17"]
[Round "7"]
[White "poohfur"]
[Black "RockroyalChess"]
[Result "1-0"]
[ICCResult "Black resigns"]
[WhiteElo "1439"]
[BlackElo "1330"]
[Opening "Giuoco Piano"]
[ECO "C54"]
[NIC "IG.02"]
[Time "18:11:01"]
[TimeControl "900+5"]

1. e4 e5 2. Nf3 Nc6 3. Bc4 Bc5 4. c3 Nf6 5. d3 d6 6. Nbd2 a6 7. Bb3 O-O 8.
h3 d5 9. Qe2 Re8 10. Nf1 h6 11. g4 dxe4 12. dxe4 Be6 13. Ng3 Qd7 14. g5 hxg5
15. Nxg5 Bxb3 16. axb3 Rad8 17. Nh5 Qd3 18. Nxf6+ gxf6 19. Qh5 fxg5 20.
Qxg5+ Kf8 21. Qh6+ Ke7 22. Bg5+ Kd7 23. Rd1 Qxd1+ 24. Kxd1 Kc8+ 25. Bxd8
Rxd8+ 26. Ke2 {Black resigns} 1-0

[Event "ICC tourney 1921 (15 5)"]
[Site "Internet Chess Club"]
[Date "2020.07.17"]
[Round "7"]
[White "pangpangba"]
[Black "Ajitesh20091"]
[Result "1-0"]
[ICCResult "Black checkmated"]
[WhiteElo "1406"]
[BlackElo "1419"]
[Opening "Scotch: Mieses variation"]
[ECO "C45"]
[NIC "SO.04"]
[Time "18:11:33"]
[TimeControl "900+5"]

1. e4 e5 2. Nf3 Nc6 3. d4 exd4 4. Nxd4 Nf6 5. Nxc6 bxc6 6. e5 Qe7 7. Qe2 Nd5
8. c4 Nb6 9. b3 Bb7 10. Bb2 O-O-O 11. Nc3 d5 12. exd6 cxd6 13. Qxe7 Bxe7 14.
O-O-O Rhe8 15. Bd3 g6 16. Rhe1 Bf6 17. Ne4 Bxb2+ 18. Kxb2 h6 19. c5 dxc5 20.
Nxc5 Rxe1 21. Rxe1 a5 22. Re7 Nd7 23. Nxb7 Kxb7 24. Rxf7 Kb6 25. Bxg6 Ne5
26. Rf6 Rd2+ 27. Ka3 Ng4 28. Re6 Nxf2 29. Be8 Rc2 30. Rxh6 Nd3 31. Rxc6+
Rxc6 32. Bxc6 Kxc6 33. h4 Nf2 34. Ka4 Kb6 35. b4 axb4 36. Kxb4 Kc6 37. a4
Ng4 38. Kc4 Kb6 39. Kd4 Ka5 40. Ke4 Kxa4 41. h5 Kb5 42. Kf4 Nh6 43. g4 Kc5
44. g5 Nf7 45. g6 Nh6 46. Kg5 Ng8 47. h6 Nxh6 48. Kxh6 Kd6 49. g7 Ke7 50.
g8=Q Kf6 51. Qe8 Kf5 52. Qe7 Kf4 53. Qe6 Kf3 54. Qe5 Kf2 55. Qe4 Kf1 56. Qe3
Kg2 57. Qf4 Kh1 58. Qg4 Kh2 59. Kg5 Kh1 60. Kf4 Kh2 61. Kf3 Kh1 62. Qg2#
{Black checkmated}
1-0

[Event "ICC tourney 1921 (15 5)"]
[Site "Internet Chess Club"]
[Date "2020.07.17"]
[Round "7"]
[White "chessmaster0981"]
[Black "magmamaster"]
[Result "0-1"]
[ICCResult "White resigns"]
[WhiteElo "1321"]
[BlackElo "1359"]
[Opening "Queen's pawn game"]
[ECO "D05"]
[NIC "QP.06"]
[Time "18:10:34"]
[TimeControl "900+5"]

1. d4 Nf6 2. Nf3 e6 3. e3 d5 4. Bd3 Bd6 5. O-O Nbd7 6. b3 O-O 7. Bb2 c5 8.
Nbd2 Qc7 9. dxc5 Bxc5 10. c4 b6 11. Rc1 Qd8 12. cxd5 Nxd5 13. Nc4 Bb7 14.
Nfe5 Nxe5 15. Nxe5 Nb4 16. Bb1 Qg5 17. Nf3 Qh6 18. Rc4 Rad8 19. Qe2 Ba6 20.
Rh4 Bxe2 21. Rxh6 gxh6 22. Re1 Bxf3 23. gxf3 Nd3 24. Bxd3 Rxd3 25. Kh1 Rfd8
26. Rg1+ Kf8 {White resigns} 0-1

[Event "ICC tourney 1921 (15 5)"]
[Site "Internet Chess Club"]
[Date "2020.07.17"]
[Round "7"]
[White "DankMemer"]
[Black "imranchamp"]
[Result "1/2-1/2"]
[ICCResult "Game drawn by mutual agreement"]
[WhiteElo "1563"]
[BlackElo "1474"]
[Opening "King's Indian: London system"]
[ECO "A45"]
[NIC "QP.03"]
[Time "18:10:49"]
[TimeControl "900+5"]

1. d4 Nf6 2. Bf4 g6 3. Nf3 Bg7 4. e3 O-O 5. h3 d6 6. Be2 Nbd7 7. O-O Re8 8.
Bg3 b6 9. c4 Bb7 10. Nc3 e5 11. d5 a6 12. a3 Nh5 13. Bh2 f5 14. b4 f4 15.
Qd2 e4 16. Nd4 f3 17. gxf3 exf3 18. Bxf3 Qh4 19. Bg2 Ne5 20. Bxe5
{Game drawn by mutual agreement}
1/2-1/2

[Event "ICC tourney 1921 (15 5)"]
[Site "Internet Chess Club"]
[Date "2020.07.17"]
[Round "7"]
[White "sswagatha"]
[Black "HenriVZ"]
[Result "1/2-1/2"]
[ICCResult "Game drawn because neither player has mating material"]
[WhiteElo "1433"]
[BlackElo "1327"]
[Opening "Giuoco Piano"]
[ECO "C54"]
[NIC "IG.02"]
[Time "18:10:49"]
[TimeControl "900+5"]

1. e4 e5 2. Nf3 Nc6 3. Bc4 Bc5 4. c3 Nf6 5. d4 exd4 6. cxd4 Bb4+ 7. Bd2
Bxd2+ 8. Nbxd2 d5 9. exd5 Nxd5 10. O-O O-O 11. Re1 Be6 12. Nb3 b6 13. Ba6
Ndb4 14. Bb7 Rb8 15. Bxc6 Nxc6 16. Qd2 Bd5 17. Re3 Re8 18. Rxe8+ Qxe8 19.
Re1 Qd7 20. Ne5 Nxe5 21. dxe5 Rd8 22. Rd1 Be6 23. Qxd7 Rxd7 24. Rxd7 Bxd7
25. f4 c5 26. Kf2 Be6 27. Ke3 Kf8 28. Ke4 Ke7 29. f5 Bc8 30. g4 Bb7+ 31. Kd3
Bd5 32. Kc3 Bf3 33. g5 Be4 34. f6+ gxf6 35. exf6+ Ke6 36. Nd2 Bd5 37. Nc4
Bxc4 38. Kxc4 a6 39. h4 h6 40. gxh6 Kxf6 41. Kd5 Kg6 42. Kc6 Kxh6 43. Kxb6
f5 44. Kxc5 Kh5 45. Kd4 Kxh4 46. Ke3 Kg3 47. Ke2 f4 48. Kf1 f3 49. b4 Kf4
50. a4 Ke5 51. b5 axb5 52. axb5 Kd6 53. Kf2 Kc5 54. Kxf3 Kxb5
{Game drawn because neither player has mating material}
1/2-1/2

[Event "ICC tourney 1921 (15 5)"]
[Site "Internet Chess Club"]
[Date "2020.07.17"]
[Round "7"]
[White "castle2king"]
[Black "smashattack"]
[Result "0-1"]
[ICCResult "White resigns"]
[WhiteElo "1390"]
[BlackElo "1462"]
[Opening "Sicilian defense"]
[ECO "B33"]
[NIC "SI.34"]
[Time "18:11:33"]
[TimeControl "900+5"]

1. e4 c5 2. Nf3 Nc6 3. d4 cxd4 4. Nxd4 Nf6 5. Nc3 e6 6. Nxc6 bxc6 7. e5 Nd5
8. Ne4 Bb4+ 9. c3 Be7 10. Be2 O-O 11. O-O f5 12. Nd6 Bxd6 13. exd6 Qf6 14.
c4 Nb6 15. c5 Nd5 16. Bf3 Ba6 17. Re1 Rab8 18. Bxd5 cxd5 19. Bf4 Rfc8 20.
Be5 Qg6 21. Qa4 Bb5 22. Qxa7 Bc6 23. Re3 Ra8 24. Qb6 Rcb8 25. Qc7 Rb7 26.
Rg3 Qf7 27. Rxg7+ Qxg7 28. Bxg7 Rxc7 29. dxc7 Kxg7 30. a4 Rc8 31. b4 Rxc7
32. b5 Ba8 33. Rb1 Rxc5 34. a5 d4 35. a6 d3 36. Rd1 Rxb5 37. h3 Rd5 38. Kf1
e5 39. f3 e4 40. Kf2 Ra5 41. g4 fxg4 42. hxg4 Rxa6 43. fxe4 Bxe4 44. Re1 Rd6
45. Rd1 d2 46. Ke3 Bc2 47. Rxd2 Rxd2 48. Kxd2 Ba4 49. Ke3 Kg6 50. Kf4 d5 51.
Ke5 Bb3 52. Kd4 Kg5 {White resigns} 0-1

[Event "ICC tourney 1921 (15 5)"]
[Site "Internet Chess Club"]
[Date "2020.07.17"]
[Round "7"]
[White "cruiseship"]
[Black "winner08"]
[Result "0-1"]
[ICCResult "White checkmated"]
[WhiteElo "1284"]
[BlackElo "1622"]
[Opening "Ruy Lopez: closed defense"]
[ECO "C84"]
[NIC "RL.13"]
[Time "18:11:08"]
[TimeControl "900+5"]

1. e4 e5 2. Nf3 Nc6 3. Bb5 a6 4. Ba4 Nf6 5. O-O Be7 6. c3 Nxe4 7. Re1 Nc5 8.
Bxc6 dxc6 9. Rxe5 Nd3 10. Re3 O-O 11. c4 Bc5 12. Re2 Re8 13. Nc3 Bf5 14. a3
Rxe2 15. Qxe2 Bxf2+ 16. Kh1 Bc5 17. Ne5 Nf2+ 18. Kg1 Ng4+ 19. Kh1 Qh4 20.
Nxg4 Bxg4 21. Qe4 Qf2 22. d4 Qf1# {White checkmated} 0-1

[Event "ICC tourney 1921 (15 5)"]
[Site "Internet Chess Club"]
[Date "2020.07.17"]
[Round "7"]
[White "Aryangambit"]
[Black "sgangavarapu"]
[Result "0-1"]
[ICCResult "White checkmated"]
[WhiteElo "1767"]
[BlackElo "1719"]
[Opening "Sicilian: Najdorf, 6.Bg5"]
[ECO "B94"]
[NIC "SI.04"]
[Time "18:10:48"]
[TimeControl "900+5"]

1. e4 c5 2. Nf3 d6 3. d4 cxd4 4. Nxd4 Nf6 5. Nc3 a6 6. Bg5 Nbd7 7. Qe2 h6 8.
Bh4 Qc7 9. f4 b5 10. O-O-O e6 11. Nd5 exd5 12. exd5+ Be7 13. Nf5 Nc5 14.
Nxg7+ Kf8 15. Bxf6 Bxf6 16. Nh5 Bxb2+ 17. Kxb2 Na4+ 18. Kc1 Qc3 19. Rd3 Qb2+
20. Kd2 Bf5 21. Re3 Rc8 22. Ke1 Nc3 23. Qf3 Qc1+ 24. Kf2 Nd1+ 25. Kg1 Nxe3
26. Nf6 Qxf1+ 27. Qxf1 Nxf1 28. Kxf1 Rxc2 29. Rg1 Rc1+ 30. Kf2 Rxg1 31. Kxg1
Ke7 32. Nh5 Bg6 33. Ng3 Rh7 34. f5 Rh8 35. fxg6 fxg6 36. h4 Kf6 37. h5 g5
38. Ne2 Ke5 39. g4 Kxd5 40. Ng3 Rf8 41. Kg2 Ke5 42. Ne2 d5 43. Nc3 d4 44.
Nd1 d3 45. Kg1 Kd4 46. Kg2 d2 47. Kg3 Kd3 48. Kg2 Kc2 49. Ne3+ Kc1 50. Kg3
d1=Q 51. Nxd1 Kxd1 52. Kh3 Ke2 53. Kg3 Rf4 54. Kh3 Kf3 55. a3 Rxg4 56. a4
bxa4 57. Kh2 a3 58. Kh1 a2 59. Kh2 Rh4+ 60. Kg1 a1=Q# {White checkmated} 0-1